Map: Carnicería en Korhal EE

Players

MrFercho

  • Race: Zerg Zerg
  • League: Silver
  • Spawn Location: 9:00

tigro - Winner!

  • Race: Terran Terran
  • League: Bronze
  • Spawn Location: 12:00

TATORREA

  • Race: Protoss Protoss
  • League: Silver
  • Spawn Location: 6:00

VOD

Have the link to the VOD?

Description

Time

  • Played on: June 25, 2020, 11:26 p.m.
  • Length: 19:50
Show
View Real Time Build Order
Export as new Build Order

MrFercho Zerg 

Build Orders: Hatch First, Lurkers 

Get SALT Encoding   

  12  0:02  Drone  
  13  0:12  Overlord  
  13  0:40  Drone x3  
  17  0:57  Drone  
  17  1:00  Hatchery  
  16  1:12  Spawning Pool  
  16  1:13  Drone  
  16  1:16  Drone  
  17  1:23  Drone  
  18  1:34  Drone  
  19  1:40  Extractor  
  19  1:44  Drone  
  19  1:55  Drone  
  20  2:02  Spine Crawler  
  20  2:06  Overlord  
  19  2:11  Queen  
  21  2:16  Drone  
  21  2:17  Drone  
  23  2:23  Drone  
  23  2:24  Queen  
  23  2:27  Drone  
  27  2:34  Drone  
  28  2:43  Spine Crawler  
  27  2:48  Drone x2  
  27  2:49  Drone  
  30  3:03  Drone x2  
  32  3:12  Extractor  
  31  3:24  Drone x4  
  35  3:27  Lair  
  35  3:31  Drone  
  35  3:32  Overlord x2  
  35  3:33  Overlord  
  36  3:46  Extractor  
  36  3:48  Drone  
  36  3:52  Drone x5  
  41  3:59  Roach Warren  
  41  4:01  Drone  
  41  4:02  Evolution Chamber  
  40  4:08  Queen  
  42  4:23  Overlord x2  
  42  4:24  Overlord  
  42  4:25  Drone x2  
  44  4:36  Zergling x8  
  48  4:43  Drone x5  
  53  5:06  Drone x5  
  53  5:07  Drone  
  59  5:11  Hatchery  
  58  5:15  Extractor  
  58  5:16  Extractor  
  56  5:29  Roach x5  
  56  5:32  Zerg Missile Weapons Level 1  
  66  5:38  Drone x5  
  66  5:39  Hydralisk Den, Drone  
  71  5:48  Spire  
  69  5:56  Extractor  
  68  5:59  Roach x3  
  74  6:08  Overlord  
  74  6:09  Overlord  
  74  6:19  Drone x3  
  69  6:30  Hydralisk x3  
  66  6:49  Spine Crawler  
  65  6:59  Spine Crawler x3  
  65  7:01  Spine Crawler  
  59  7:02  Mutalisk x6  
  59  7:04  Spine Crawler  
  70  7:18  Drone x2  
  72  7:40  Hatchery  
  72  7:42  Hatchery  
  72  7:43  Drone x4  
  72  7:44  Extractor, Hatchery  
  72  7:49  Extractor  
  71  7:55  Lurker Den  
  71  7:58  Mutalisk x4  
  70  8:00  Infestation Pit  
  77  8:06  Drone x7  
  72  8:48  Mutalisk  
  72  8:49  Mutalisk x4  
  82  9:02  Drone x9  
  91  9:03  Drone x5  
  91  9:08  Drone x2  
  98  9:28  Drone x2  
  100  9:36  Drone x2  
  100  9:37  Drone x5  
  107  9:53  Hydralisk x4  
  107  9:55  Overlord x3  
  107  9:58  Hatchery  
  114  10:07  Overseer x3, Spore Crawler  
  114  10:09  Spore Crawler  
  112  10:15  Hydralisk x8  
  128  10:21  Hydralisk x4  
  136  10:33  Hydralisk x2  
  140  10:36  Overlord x8  
  140  10:55  Lurker  
  140  10:56  Lurker x6  
  147  11:03  Hive  
  147  11:10  Hydralisk  
  147  11:11  Hydralisk x4  
  151  11:24  Hydralisk x4  
  159  11:28  Hydralisk  
  159  11:30  Zergling x2  
  159  11:31  Zergling x22  
  158  11:51  Drone x10  
  168  12:15  Queen  
  170  12:17  Hydralisk x10  
  170  12:18  Hydralisk x5  
  189  12:31  Mutalisk x3  
  195  12:51  Extractor  
  194  12:52  Spine Crawler  
  194  12:56  Extractor, Hydralisk x2  
  196  13:01  Overlord x5  
  196  13:03  Overlord  
  188  13:25  Hydralisk x15  
  168  13:45  Mutalisk x3  
  140  13:49  Zergling x24  
  144  14:16  Spore Crawler  
  143  14:17  Hydralisk x12  
  167  14:31  Corruptor x3  
  167  14:35  Zergling x22  
  167  14:36  Zergling x10  
  189  14:55  Zergling x14  
  189  14:56  Zergling x6  
  199  15:02  Hatchery  
  199  15:03  Extractor  
  199  15:07  Extractor  
  139  15:42  Ultralisk Cavern  
  138  15:43  Greater Spire  
  138  15:53  Mutalisk  
  138  15:54  Spire, Mutalisk x11  
  161  16:00  Metabolic Boost  
  161  16:02  Muscular Augments  
  161  16:31  Spine Crawler  
  129  16:55  Hydralisk x14  
  129  16:56  Hydralisk x5  
  163  17:14  Hydralisk x5  
  170  17:33  Hydralisk  
  170  17:34  Hydralisk x4  
  127  17:51  Mutalisk  
  127  17:52  Mutalisk x2  
  125  18:00  Drone x3  
  98  18:20  Grooved Spines  
  98  18:21  Seismic Spines  
  90  18:31  Hydralisk x2  
Show
View Real Time Build Order
Export as new Build Order

tigro Terran - Winner!

Build Orders:  

Get SALT Encoding   

  12  0:03  SCV  
  13  0:15  SCV  
  14  0:21  Supply Depot  
  14  0:27  SCV  
  15  0:36  Refinery  
  15  0:43  SCV  
  16  0:50  Barracks  
  16  0:58  SCV  
  17  1:05  Refinery  
  17  1:10  SCV  
  18  1:14  Supply Depot  
  18  1:22  SCV  
  19  1:37  Marine  
  20  1:45  Barracks  
  20  1:53  SCV  
  21  1:55  Marine  
  22  2:06  SCV  
  23  2:13  Marine  
  24  2:18  SCV  
  25  2:30  SCV  
  25  2:31  Marine  
  25  2:32  Engineering Bay  
  27  2:37  Factory  
  27  2:43  Barracks Reactor  
  27  2:47  Orbital Command  
  27  2:49  Marine  
  28  3:05  Terran Infantry Weapons Level 1  
  28  3:08  Barracks Tech Lab  
  28  3:23  Factory Tech Lab  
  28  3:37  Starport  
  28  3:55  Command Center, Marine  
  29  4:01  Siege Tank  
  32  4:07  Combat Shield  
  32  4:44  Medivac  
  34  4:58  Fusion Core  
  34  4:59  Terran Infantry Armor Level 1  
  34  5:09  Refinery  
  34  5:25  Stimpack  
  34  5:33  SCV  
  35  5:43  Marine x3  
  35  5:45  SCV  
  35  5:46  Armory  
  39  5:52  Refinery  
  39  5:57  SCV  
  39  6:01  Marine x3  
  43  6:07  Siege Tank  
  43  6:09  SCV  
  47  6:11  Starport Tech Lab  
  47  6:19  Marine x3  
  47  6:21  SCV  
  51  6:33  SCV  
  51  6:36  Marine  
  51  6:37  Marine x2  
  51  6:38  Starport  
  55  6:45  SCV  
  56  6:54  Marine  
  56  6:57  SCV  
  56  6:58  Terran Infantry Weapons Level 2  
  58  7:05  Concussive Shells  
  58  7:09  SCV  
  59  7:21  SCV  
  59  7:22  Supply Depot  
  60  7:34  SCV  
  61  7:45  Supply Depot  
  61  7:46  SCV  
  62  8:10  Supply Depot  
  62  8:18  Planetary Fortress  
  62  8:23  Starport Tech Lab  
  62  8:29  Weapon Refit  
  62  8:35  Supply Depot, Thor  
  68  9:13  Terran Infantry Armor Level 2  
  68  9:14  Command Center  
  68  9:21  Marine x3  
  77  9:31  Battlecruiser  
  77  9:39  Marine x3  
  80  9:56  Marine  
  80  9:57  Marine x2  
  80  9:59  Missile Turret  
  83  10:09  Rapid Reignition System  
  83  10:14  Marine x3  
  83  10:15  Battlecruiser  
  92  10:24  Missile Turret  
  92  10:27  Refinery  
  92  10:32  Marine x3  
  92  10:34  Terran Vehicle Weapons Level 1  
  92  10:35  Medivac  
  97  10:50  Marine x3  
  97  10:51  Missile Turret  
  100  10:59  SCV  
  101  11:05  SCV  
  101  11:06  Advanced Ballistics  
  101  11:08  Marine  
  101  11:11  Battlecruiser, SCV  
  110  11:16  Missile Turret  
  110  11:23  SCV  
  111  11:29  Neosteel Armor  
  111  11:35  SCV  
  111  11:36  Refinery  
  111  11:38  Missile Turret  
  112  11:47  SCV  
  112  11:50  Medivac  
  112  11:53  Thor  
  121  11:59  SCV  
  122  12:11  SCV  
  123  12:23  SCV  
  123  12:28  Terran Vehicle And Ship Armor Level 1  
  124  13:04  SCV  
  125  13:10  Hi-Sec Auto Tracking  
  125  13:26  Battlecruiser, SCV  
  132  13:38  SCV  
  133  13:47  Missile Turret  
  133  13:50  SCV  
  134  14:02  SCV  
  135  14:03  Battlecruiser  
  135  14:07  Terran Infantry Weapons Level 3  
  135  14:08  Missile Turret  
  141  14:22  Terran Ship Weapons Level 1  
  141  14:29  Missile Turret  
  141  14:56  Supply Depot  
  141  14:57  Missile Turret  
  141  15:17  SCV  
  141  15:18  Battlecruiser  
  141  15:19  Supply Depot  
  148  15:30  SCV  
  149  15:36  Missile Turret  
  149  15:41  Battlecruiser  
  149  15:42  SCV  
  156  15:46  Supply Depot  
  156  15:57  Missile Turret  
  156  16:07  Thor  
  162  16:17  Missile Turret  
  162  16:37  Missile Turret  
  162  16:44  Terran Infantry Armor Level 3  
  162  16:58  Missile Turret  
  162  17:28  Missile Turret  
  161  17:38  Command Center, Battlecruiser  
  163  17:49  Missile Turret  
  163  18:12  Missile Turret  
  162  18:39  Missile Turret  
  162  19:02  Missile Turret  
  162  19:23  Missile Turret  
  151  19:43  Missile Turret  
Show
View Real Time Build Order
Export as new Build Order

TATORREA Protoss 

Build Orders:  

Get SALT Encoding   

  12  0:02  Probe  
  13  0:20  Pylon  
  13  0:22  Probe  
  14  0:34  Probe  
  15  0:41  Gateway  
  15  0:46  Probe  
  16  0:59  Probe  
  17  1:05  Assimilator  
  17  1:07  Probe  
  17  1:15  Probe  
  19  1:25  Probe  
  20  1:33  Cybernetics Core  
  20  1:39  Probe  
  21  1:40  Gateway  
  21  1:47  Assimilator, Probe  
  21  1:50  Pylon  
  22  1:55  Probe  
  23  2:07  Probe  
  23  2:10  Zealot  
  23  2:11  Warp Gate  
  26  2:17  Probe  
  27  2:25  Pylon, Probe  
  27  2:28  Pylon  
  28  2:33  Pylon  
  28  2:34  Probe  
  29  2:47  Probe  
  29  2:51  Forge  
  30  3:11  Assimilator  
  29  3:29  Probe  
  29  3:33  Nexus  
  30  3:37  Pylon  
  30  3:40  Stalker x2, Pylon  
  34  3:51  Robotics Facility, Protoss Ground Weapons Level 1  
  34  3:56  Probe  
  35  4:08  Probe  
  36  4:10  Twilight Council  
  36  4:20  Probe  
  36  4:22  Stalker  
  39  4:25  Zealot  
  41  4:32  Probe  
  42  4:42  Observer  
  42  4:44  Probe  
  44  4:49  Probe  
  45  4:57  Probe  
  46  5:01  Probe  
  46  5:03  Immortal  
  46  5:05  Stalker  
  53  5:08  Stalker  
  53  5:09  Probe  
  53  5:11  Charge  
  53  5:14  Probe  
  57  5:21  Probe  
  58  5:24  Assimilator  
  58  5:26  Probe  
  58  5:28  Assimilator  
  59  5:33  Probe  
  60  5:37  Stalker x2  
  60  5:38  Probe  
  65  5:50  Probe x2  
  66  6:02  Probe x2  
  66  6:03  Immortal  
  72  6:14  Probe x2  
  74  6:21  Nexus  
  74  6:24  Pylon  
  74  6:26  Probe x2  
  74  6:27  Pylon  
  74  6:31  Stalker  
  78  6:38  Probe x2  
  77  6:49  Stalker  
  78  7:02  Probe x2  
  80  7:12  Stalker  
  80  7:13  Stalker  
  80  7:14  Immortal, Probe x2  
  90  7:17  Blink  
  90  7:30  Probe x2  
  92  7:40  Assimilator  
  92  7:41  Assimilator  
  92  7:42  Probe  
  92  7:43  Probe  
  94  7:48  Protoss Ground Armor Level 1  
  94  7:53  Forge  
  94  7:56  Forge  
  92  8:06  Stalker x2  
  96  8:19  Stargate  
  96  8:21  Stargate  
  94  8:30  Gateway  
  94  8:32  Gateway  
  92  8:35  Gateway  
  92  8:37  Pylon  
  92  8:39  Pylon  
  92  8:42  Pylon  
  92  8:47  Pylon  
  92  8:49  Probe x3  
  92  8:52  Pylon  
  95  8:57  Pylon  
  95  9:01  Pylon, Probe x3  
  98  9:24  Gateway  
  98  9:25  Protoss Shields Level 1  
  98  9:27  Stalker x3, Protoss Ground Weapons Level 2, Gateway  
  98  9:29  Void Ray x2  
  98  9:30  Gateway  
  112  9:33  Gateway, Immortal  
  112  9:35  Gateway  
  116  9:39  Gateway  
  116  9:40  Stalker x2  
  116  9:42  Gateway, Probe x2  
  116  9:43  Probe  
  123  9:46  Robotics Bay  
  123  10:09  Stalker x2  
  123  10:10  Stalker x3  
  123  10:11  Protoss Ground Armor Level 2  
  133  10:14  Void Ray  
  133  10:18  Void Ray  
  141  10:25  Extended Thermal Lance  
  141  10:33  Colossus  
  147  10:46  Probe x3  
  150  10:50  Stalker x3  
  150  10:51  Stalker  
  158  11:16  Stalker  
  158  11:17  Stalker x2  
  84  11:41  Protoss Shields Level 2  
  69  11:47  Stalker x2  
  69  11:48  Stalker x3  
  69  11:49  Stalker x3  
  69  11:50  Stalker x4  
  69  11:53  Void Ray x2  
  101  12:06  Colossus  
  107  12:18  Stalker x5  
  117  12:34  Zealot x4  
  117  12:35  Zealot x3  
  130  13:06  Nexus  
  130  13:09  Assimilator  
  130  13:10  Assimilator  
  126  13:20  Pylon  
  126  13:26  Pylon  
  108  13:27  Pylon  
  108  13:28  Pylon  
  94  13:56  Stalker  
  94  13:57  Stalker x4  
  94  13:58  Stalker  
  94  13:59  Stalker x4  
  94  14:00  Stalker x2  
  94  14:01  Colossus  
  124  14:13  Void Ray x2  
  132  14:23  Probe x2  
  134  14:24  Probe  
  134  14:25  Probe  
  136  14:35  Probe x2  
  140  14:45  Probe x2  
  140  14:49  Protoss Ground Weapons Level 3  
  140  15:02  Stalker x4  
  140  15:03  Stalker x4  
  140  15:04  Stalker x2  
  140  15:05  Stalker x2  
  140  15:06  Colossus  
  156  15:47  Stalker x2  
  156  15:48  Protoss Shields Level 3, Stalker x4  
  156  15:49  Stalker x2, Protoss Ground Armor Level 3  
  172  16:01  Observer  
  170  16:18  Zealot  
  170  16:19  Zealot x4  
  170  16:20  Zealot x3  
  170  16:21  Zealot x3  
  170  16:22  Zealot  
  134  16:46  Stalker x3  
  134  16:47  Stalker x5  
Tags
 
Add a new tag
Caveats
  • Supply blocks, unpowered buildings, or Contaminate may cause inaccurate times.
  • Supply counts are checked every 10 seconds.